 Dungeon Crawl Stone Soup version 0.27.1-33-g824d729ab1 (webtiles) character file.

Game seed: 13450192035593719656

25 halfoni the Chopper (level 3, -2/29 HPs)
             Began as a Human Berserker on Dec 13, 2021.
             Was a Follower of Trog.
             Slain by a hobgoblin (5 damage)
             ... on level 2 of the Dungeon.
             The game lasted 00:01:50 (1420 turns).

halfoni the Chopper (Human Berserker)               Turns: 1420, Time: 00:01:50

Health: -2/29      AC:  3    Str: 18    XL:     3   Next: 20%
Magic:  3/3        EV: 12    Int:  7    God:    Trog [*.....]
Gold:   14         SH:  0    Dex: 12    Spells: 2/2 levels left

rFire    . . .     SeeInvis .   a - +0 hand axe
rCold    . . .     Faith    .   (no shield)
rNeg     . . .     Spirit   .   g - +0 leather armour
rPois    .         Reflect  .   (no helmet)
rElec    .         Harm     .   (no cloak)
rCorr    .         Rampage  .   (no gloves)
Will     .....                  (no boots)
Stlth    +.........             (no amulet)
HPRegen  0.09/turn              (no ring)
MPRegen  0.08/turn              (no ring)

@: no status effects
A: no striking features
a: Renounce Religion, Berserk


You were on level 2 of the Dungeon.
You worshipped Trog.
Trog was aware of your devotion.
You visited 1 branch of the dungeon, and saw 2 of its levels.

You collected 14 gold pieces.

Inventory:

Hand Weapons
 a - a +0 hand axe (weapon)
Armour
 g - a +0 leather armour (worn)
Scrolls
 b - a scroll of amnesia {unknown}
 c - a scroll of brand weapon {unknown}
 d - 3 scrolls of identify {unknown}
 j - a scroll of teleportation {unknown}
 k - a scroll of blinking {unknown}
Potions
 e - a potion of curing {unknown}
 f - a potion of lignification {unknown}
 h - a potion of resistance {unknown}
 i - a potion of brilliance {unknown}


   Skills:
 + Level 3.3 Fighting
 + Level 3.6 Axes
 + Level 2.1 Armour
 + Level 2.1 Dodging


You had 2 spell levels left.
You didn't know any spells.
Your spell library was empty.

Dungeon Overview and Level Annotations

Branches:
Dungeon (2/15)

Altars:


Message History

The dart slug is heavily wounded.
The dart slug bites you but does no damage.
You hit the dart slug.
The dart slug is almost dead.
You hit the dart slug.
You kill the dart slug!
Trog accepts your kill.
You see here a dart slug corpse.
Found a stone staircase leading up.
Found a scroll labelled GUIPNE XICK.
No target in view!
k - a scroll labelled GUIPNE XICK
There is an open door here.
A hobgoblin comes into view. It is wielding a +0 spear.
The hobgoblin shouts!
No target in view!
No target in view!
No target in view!
The hobgoblin hits you with a +0 spear.
You hit the hobgoblin.
The hobgoblin is lightly wounded.
The hobgoblin barely misses you.
You closely miss the hobgoblin.
The hobgoblin is lightly wounded.
The hobgoblin closely misses you.
You barely miss the hobgoblin.
The hobgoblin is lightly wounded.
The hobgoblin hits you with a +0 spear. x2
You hit the hobgoblin but do no damage. The hobgoblin hits you with a +0 spear.
You closely miss the hobgoblin. The hobgoblin hits you with a +0 spear.
You are too injured to fight recklessly!
You are too injured to fight recklessly!
You closely miss the hobgoblin. The hobgoblin hits you with a +0 spear.
You barely miss the hobgoblin. The hobgoblin barely misses you.
You hit the hobgoblin but do no damage. The hobgoblin hits you with a +0 spear!
* * * LOW HITPOINT WARNING * * *
You hit the hobgoblin.
The hobgoblin is heavily wounded.
The hobgoblin hits you with a +0 spear.
You die...

###.#####..########.....####.....
# #.# #..# #.....# #.....
###.#####..## #.###### #.##+#
............#######.##...###.##.#
.....................'...+.......
###.#####...##....#.##..)#.#.##.#
###.#####...##....#.##...#.#.##..
............##....#..........##..
###'#####...##..@.#..#####.......
##..........##...g#..# #.......
##..........##........ #...##..
##...........'........ #...##.#
##..........##......##.. #...##.#
##.......... #....#.# . #...#
............ #....#.. #...#
##.......... ######..#
##.........#


You could see a hobgoblin.

Vanquished Creatures
  A dart slug (D:2)
  2 ball pythons
  An endoplasm (D:1)
  A giant cockroach (D:1)
  3 hobgoblins
  A quokka (D:1)
  3 bats (D:1)
  A frilled lizard (D:2)
  4 kobolds
  6 rats (D:1)
23 creatures vanquished.

Notes
Turn   | Place    | Note
-------+----------+-------------------------------------------
     0 | D:1      | halfoni the Human Berserker began the quest for the Orb.
     0 | D:1      | Reached XP level 1. HP: 18/18 MP: 1/1
   363 | D:1      | Found a faded altar of an unknown god.
   470 | D:1      | Reached XP level 2. HP: 24/24 MP: 2/2
  1196 | D:2      | Reached XP level 3. HP: 24/29 MP: 3/3
  1420 | D:2      | Slain by a hobgoblin

Illustrated notes

Levels and vault maps discovered:
D:1:      mrwooster_arrival_statue_3, layout_basic,
          shapermc_ecumenical_altar_ellora
D:2:      layout_basic, basic_altar

Action                   || total
-------------------------++-------
Melee: Hand axe          ||    61
Invok: Berserk           ||     1
Armor: Animal skin       ||    13
       Leather armour    ||     4
Dodge: Dodged            ||    45
